 Dungeon Crawl Stone Soup version 0.29-a0-360-g8ed1089bbe (webtiles) character file.

Game seed: 12749646182448470110

5 Zeldest the Caller (level 1, 15/15 HPs)
             Began as a Hill Orc Summoner on Apr 28, 2022.
             Quit the game on level 1 of the Dungeon.
             The game lasted 00:00:38 (166 turns).

Zeldest the Caller (Hill Orc Summoner)               Turns: 166, Time: 00:00:39

Health: 15/15      AC:  2    Str: 10    XL:     1   Next: 80%
Magic:  1/3        EV: 12    Int: 15    God:
Gold:   4          SH:  0    Dex: 11    Spells: 2/3 levels left

rFire   . . .      SeeInvis .   (no weapon)
rCold   . . .      Faith    .   (no shield)
rNeg    . . .      Spirit   .   a - +0 robe
rPois   .          Reflect  .   (no helmet)
rElec   .          Harm     .   (no cloak)
rCorr   .          Rampage  .   (no gloves)
Will    .....                   (no boots)
Stlth   ++........              (no amulet)
HPRegen 0.05/turn               (no ring)
MPRegen 0.08/turn               (no ring)

@: no status effects
A: no striking features
a: no special abilities


You were on level 1 of the Dungeon.
You visited 1 branch of the dungeon, and saw 1 of its levels.

You collected 4 gold pieces.

Inventory:

Armour
 a - a +0 robe (worn)
Potions
 b - a potion of magic


   Skills:
 + Level 0.5 Fighting
 - Level 1.5 Dodging
 - Level 1.5 Stealth
 + Level 1.6 Spellcasting
 * Level 4.1 Summonings


You had 2 spell levels left.
You knew the following spells:

 Your Spells              Type           Power      Damage    Failure   Level
a - Summon Small Mammal   Summ           52%        N/A       4%          1

Your spell library contained the following spells:

 Spells                   Type           Power      Damage    Failure   Level
 Call Imp                 Summ           13%        N/A       6%          2
 Call Canine Familiar     Summ           13%        N/A       13%         3
 Summon Guardian Golem    Hex/Summ       7%         N/A       28%         3
 Summon Lightning Spire   Summ/Air       7%         N/A       67%         4


Dungeon Overview and Level Annotations

Branches:
Dungeon (1/15)

Altars:


Message History

Your bat barely misses the quokka.
Your bat closely misses the quokka.
The quokka barely misses your bat. The quokka closely misses your bat.
Your bat misses the quokka.
Your bat barely misses the quokka.
Your bat hits the quokka but does no damage.
The quokka bites your bat.
Your bat hits the quokka but does no damage.
Your bat closely misses the quokka.
The quokka barely misses your bat.
Your bat barely misses the quokka.
Your quokka misses the quokka.
Your bat completely misses the quokka.
The quokka barely misses your bat.
Your quokka barely misses the quokka.
The quokka bites your bat.
Your bat dies!
Your bat's corpse disappears in a puff of smoke!
Your quokka misses the quokka. The quokka barely misses your quokka.
Your quokka misses the quokka. The quokka misses your quokka.
Your quokka bites the quokka.
The quokka dies!
You start resting.
HP restored.
You start resting.
Magic restored.
Your quokka disappears in a puff of smoke!
You see here a +0 robe.
A giant cockroach comes into view.
A giant cockroach is nearby!
A giant cockroach is nearby!
A giant cockroach is nearby!
Casting: Summon Small Mammal (safe; 4% risk of failure)
Confirm with . or Enter, or press ? or * to list all spells.
Casting: Summon Small Mammal (safe; 4% risk of failure)
Confirm with . or Enter, or press ? or * to list all spells.
You hit the giant cockroach but do no damage.
The giant cockroach closely misses you.
You hit the giant cockroach but do no damage.
The giant cockroach bites you but does no damage.
The giant cockroach barely misses you.
Your rat completely misses the giant cockroach.
Your rat closely misses the giant cockroach.
Are you sure you want to abandon this character and quit the game? (Confirm with "yes".)

#########
#....$..######
#......r.....#
#.....B@.....+ ...
#......r.....# ....
#.......##.########....
#.......##.# #.........
#.......##.# #.........
##########.# #.........
#.# #.........
#.###.........
#########.....######.#


You could see a giant cockroach (ally target) and 2 friendly rats.

Vanquished Creatures (collateral kills)
  3 endoplasms (D:1)
  A quokka (D:1)
4 creatures vanquished.

Notes
Turn   | Place    | Note
-------+----------+-------------------------------------------
     0 | D:1      | Zeldest the Hill Orc Summoner began the quest for the Orb.
     0 | D:1      | Reached XP level 1. HP: 14/14 MP: 3/3
   166 | D:1      | Quit the game

Illustrated notes

Levels and vault maps discovered:
D:1:      doesnt_arrival_eight_statues, layout_basic,
          ebering_ecumenical_altar_rust, serial_shops, shop,
          minmay_shallow_snake_nest

Action                   || total
-------------------------++-------
Melee: Unarmed           ||     2
 Cast: Summon Small Mamm ||     9
Armor: Robe              ||     2
Dodge: Dodged            ||     5

Table legend: (Time is in decaauts)
 A = Elapsed time spent in this place.
 B = Non-inter-level travel time spent in this place.
 C = Inter-level travel time spent in this place.
 D = Time resting spent in this place.
 E = Time spent auto-exploring this place.
 F = Levels seen in this place.
 G = Mean time per level.
                   A        B        C        D        E       F      G
               +--------+--------+--------+--------+--------+-----+--------+
         Total |    166 |    166 |      0 |     28 |     74 |   1 |  166.0 |
       Dungeon |    166 |    166 |      0 |     28 |     74 |   1 |  166.0 |
               +--------+--------+--------+--------+--------+-----+--------+

Top non-repeatable levels by time:
     D:1: 166 daAuts
